 Dungeon Crawl Stone Soup version 0.19.0-9-gfd783f2 (webtiles) character file.

738563 IcyTea the Gargoyle Disaster (level 27, -8/193 HPs)
             Began as a Gargoyle Fighter on Nov 6, 2016.
             Was a Believer of Qazlal.
             Killed from afar by a deep elf high priest (20 damage)
             ... with damnation
             ... on level 2 of the Depths on Nov 7, 2016.
             The game lasted 09:31:41 (78911 turns).

IcyTea the Gargoyle Disaster (Gargoyle Fighter)    Turns: 78911, Time: 09:31:42

Health: -8/193     AC: 26    Str: 24      XL:     27
Magic:  19/28      EV:  9    Int: 15 (16) God:    Qazlal [**....]
Gold:   5440       SH: 21    Dex: 17 (18) Spells: 10 memorised, 20 levels left

rFire  + . .     SeeInvis +     a - +7 demon whip (slash)
rCold  + + .     Gourm    .     t - +1 gold dragon scales
rNeg   + + +     Faith    .     T - +2 shield {AC+3}
rPois  ∞         Spirit   .     (helmet restricted)
rElec  +         Reflect  .     r - +2 cloak
rCorr  .         Harm     .     x - +0 pair of fencer's gloves {+Riposte Dex+3}
MR     +++++     Clarity  +     O - +2 pair of boots
Stlth  .......... Rnd*Tele +    S - amulet of the Four Winds {rN+ MR+++ Clar}
                                P - ring "Watuos" {rElec rC+ rN+ Int+2}
                                V - ring "Ythileg" {Dex+4 SInv}

@: exhausted, corroded, flying, very slightly contaminated, hasted and slowed
A: big wings, horns 1, talons 1, icy blue scales 1, berserk 1, blurry vision 1,
deterioration 2, dopey 1, low mp 3, mutation resistance 1, negative energy
resistance 1, electricity resistance, teleportitis 1, unbreathing, petrification
resistance, rot immunity, sturdy frame 1, AC +20
a: Stop Flying, Upheaval, Renounce Religion
}: 6/15 runes: serpentine, barnacled, slimy, silver, golden, abyssal


You were on level 2 of the Depths.
You worshipped Qazlal.
Qazlal was pleased with you.
You were near starving.

You visited 17 branches of the dungeon, and saw 58 of its levels.
You visited the Abyss 3 times.
You visited 1 bazaar.

You collected 8823 gold pieces.
You spent 3383 gold pieces at shops.

Inventory:

Hand Weapons
 a - a +7 demon whip of slashing (weapon)
Missiles
 B - 14 silver javelins (quivered)
Armour
 r - a +2 cloak (worn)
 t - +1 gold dragon scales (worn)
 v - the +2 helmet of Tulips {Regen+ Str+4}
   (You found it on level 3 of the Elven Halls)

   It affects your strength (+4).
   It increases your rate of regeneration.
 x - the +0 pair of fencer's gloves (worn) {+Riposte Dex+3}
   (You found it on level 13 of the Dungeon)

   It affects your dexterity (+3).
 O - a +2 pair of boots (worn)
 T - a +2 shield of protection (worn)
Jewellery
 w - an uncursed ring of protection from fire
 P - the ring "Watuos" (right hand) {rElec rC+ rN+ Int+2}
   (You found it on level 3 of the Crypt)

   [ring of positive energy]

   It affects your intelligence (+2).
   It protects you from cold.
   It insulates you from electricity.
   It protects you from negative energy.
 S - the amulet of the Four Winds (around neck) {rN+ MR+++ Clar}
   (You took it off a tengu reaver on level 5 of the Vaults)

   [amulet of nothing]

   It protects you from negative energy.
   It affects your resistance to hostile enchantments.
   It protects you against confusion.
 V - the ring "Ythileg" (left hand) {Dex+4 SInv}
   (You found it on level 1 of the Tomb of the Ancients)

   [ring of see invisible]

   It affects your dexterity (+4).
   It lets you see invisible.
Wands
 u - a wand of hasting (2/9)
 Q - a wand of lightning (2/15)
 R - a wand of acid (11/15)
 W - a wand of teleportation (0/9)
Scrolls
 h - 5 scrolls of identify
 o - 20 scrolls of remove curse
 s - 13 scrolls of teleportation
 y - a scroll of magic mapping
 H - 5 scrolls of recharging
 I - 2 scrolls of silence
 K - 8 scrolls of fear
 M - 4 scrolls of blinking
 N - 4 scrolls of fog
Potions
 d - 6 potions of might
 l - 2 potions of berserk rage
 A - a potion of beneficial mutation
 F - 5 potions of brilliance
 G - 2 potions of haste
 L - 6 potions of cancellation
Miscellaneous
 b - the horn of Geryon
 j - 4 boxes of beasts
 k - a fan of gales
 q - 5 sacks of spiders
 J - 5 phantom mirrors
 X - a phial of floods
 Z - a lamp of fire
Comestibles
 c - a royal jelly
 f - 30 bread rations
 g - 18 meat rations
 n - 8 fruits
 z - 12 beef jerkies


   Skills:
 - Level 25.0 Fighting
 - Level 18.0 Maces & Flails
 - Level 9.1 Throwing
 - Level 19.0 Armour
 - Level 4.0 Dodging
 - Level 16.5 Shields
 - Level 10.0 Spellcasting
 - Level 4.0 Conjurations
 - Level 7.0 Hexes
 - Level 7.4 Charms
 - Level 7.3 Necromancy
 - Level 12.0 Translocations
 - Level 1.0 Air Magic
 - Level 4.2 Earth Magic
 O Level 27 Invocations
 + Level 9.8 Evocations


You had 20 spell levels left.
You knew the following spells:

 Your Spells              Type           Power        Failure   Level  Hunger
a - Blink                 Tloc           N/A          1%          2    None
b - Apportation           Tloc           #####.....   1%          1    None
c - Shroud of Golubria    Chrm/Tloc      #####.....   3%          2    None
d - Regeneration          Chrm/Necr      ####......   21%         3    None
e - Swiftness             Chrm/Air       ###.....     34%         2    None
f - Stone Arrow           Conj/Erth      ###...       67%         3    None
g - Cause Fear            Hex            ####......   65%         4    ###....
h - Confuse               Hex            ####....     21%         3    None
i - Teleport Other        Tloc           #####...     2%          3    None
j - Lesser Beckoning      Tloc           #####.....   2%          3    None


Dungeon Overview and Level Annotations

Branches:
Dungeon (15/15)            Temple (1/1) D:5            Lair (6/6) D:9
 Shoals (4/4) Lair:2        Snake (4/4) Lair:4        Slime (5/5) Lair:5
    Orc (2/2) D:9             Elf (3/3) Orc:2        Vaults (5/5) D:14
  Crypt (3/3) Vaults:2       Tomb (3/3) Crypt:3      Depths (2/5) D:15
   Hell (1/1)                 Dis (1/7) Hell            Geh (1/7) Hell
    Coc (1/7) Hell            Tar (1/7) Hell

Altars:
Ashenzari
Cheibriados
Dithmenos
Elyvilon
Fedhas
Gozag
Hepliaklqana
Kikubaaqudgha
Makhleb
Nemelex Xobeh
Okawaru
Qazlal
Ru
Sif Muna
Trog
Uskayaw
Vehumet
Xom
Yredelemnul
Zin
The Shining One
Beogh
Jiyva

Shops:
D:5 }   D:6 (   D:8 *   D:12 *   D:13 %   Orc:1 }   Orc:2 !!}([   Elf:2 [}(
Elf:3 [   Shoals:3 =   Snake:4 (   Vaults:3 !

Portals:
Hell: Depths:1
Abyss: Depths:1
Pandemonium: Depths:1

Annotations:
Lair:5 exclusion: oklob plant


Innate Abilities, Weirdness & Mutations

You are resistant to torment.
Your stone body is resilient. (AC +20)
You are immune to poison.
Your large and strong wings let you fly indefinitely.
You resist negative energy. (rN+)
You are resistant to electric shocks. (rElec)
You can survive without breathing.
You are immune to petrification.
You are immune to rotting.
You have a pair of small horns on your head.
You have sharp toenails.
You are partially covered in icy blue scales. (AC +2)
You tend to lose your temper in combat.
Scrolls take you a little longer to read.
Your body often deteriorates upon taking damage.
You are dopey. (Int -2)
Your magical capacity is extremely low. (-30% MP)
You are somewhat resistant to further mutation.
You are occasionally teleported next to monsters.
Your movements are slightly less encumbered by armour. (ER -2)


Message History

The spriggan berserker is poisoned.
The spriggan air mage is poisoned.
The deep troll shaman calls upon its god to strengthen the deep troll.
The deep troll seems to grow stronger.
The tengu warrior is engulfed in poison gas.
The tengu warrior looks even sicker.
The tengu warrior is engulfed in poison gas.
The tengu warrior looks even sicker.
Your surroundings suddenly seem different.
You hear a bellow! x2
Found 23 gold pieces.
You hear a bellow!
Found a meat ration and a potion of heal wounds.
You hear a shout! x8; You hear a deafening roar!
You hear a bark!
You hear a screech!
You hear a bellow!
You hear a trumpeting!
You hear a bellow!
A deep troll comes into view.
The deep troll shouts!
You hear a trumpeting!
The deep elf high priest invokes the aid of its god against you.
The sphere of damnation explodes!
The damnation engulfs you!
You die...

#....8...8....#
##.............## ####
#.8...8..T8...8.#
8#8###...............# 8
.....#.......i.......#..
.≈.≈.'......#z#......'..
.≈≈.['.)...#.e§#.....'..
...)§#...z...8.......#
8#8###.....#...#@§...# #
#......#.#......#
#...............#
#[8...........8%#
#.?...........$!#
#################


You could see 2 skeletal warriors, a deep troll, a deep elf high priest and a
spriggan air mage.

Vanquished Creatures
  the Royal Jelly (Slime:5)
  Dissolution (Slime:1)
  Mennas (Tomb:1)
  An ancient lich (Abyss:1)
  31 greater mummies
  Saint Roka (Orc:2)
  Vashnia (Snake:2)
  4 golden dragons
  Geryon (Hell)
  A profane servitor (Crypt:3)
  Jorgrun (Crypt:1)
  2 bone dragons
  8 liches
  4 tentacled monstrosities
  Rupert (Orc:2)
  A titan (Vaults:4)
  3 deep elf master archers (Elf:3)
  3 deep elf blademasters
  Frances (Elf:1)
  2 Executioners
  Gastronok (D:8)
  26 acid blobs
  Polyphemus (Shoals:2)
  22 tentacled starspawn
  7 sphinxes
  10 ancient champions
  Agnes (Snake:4)
  2 revenants
  7 shadow dragons
  9 nagarajas
  Roxanne (Snake:2)
  9 tengu reavers
  18 azure jellies
  2 storm dragons (Vaults:4)
  Ilsuiw (Shoals:3)
  Aizul (Snake:4)
  A ghost moth (shapeshifter) (Abyss:5)
  2 iron dragons (Vaults:5)
  4 fire giants
  9 deep elf sorcerers
  3 frost giants
  An orc warlord (Vaults:4)
  9 vault wardens
  A balrug (Abyss:5)
  A draconian shifter (Abyss:1)
  Louise (Snake:2)
  6 ghouls
  6 reapers
  3 deep elf elementalists (Elf:3)
  13 ironheart preservers
  A draconian caller (Abyss:5)
  5 vampire knights
  14 stone giants
  2 entropy weavers (Vaults:4)
  4 very ugly things
  6 bennus
  3 war gargoyles
  8 deep elf demonologists
  9 deep elf annihilators
  A white draconian (Abyss:5)
  2 lorocyprocas
  3 spark wasps (Depths:2)
  9 deep elf death magi
  A green death (Abyss:4)
  11 ettins
  12 death oozes (Slime:5)
  An eidolon (Crypt:2)
  A crystal guardian (Vaults:5)
  4 merfolk javelineers
  4 fire dragons
  12 yaktaur captains
  8 deep elf high priests
  9 jiangshi
  3 merfolk impalers
  9 ogre magi
  28 mummy priests
  Josephine (Orc:1)
  8 naga warriors
  9 great orbs of eyes
  7 ice dragons
  2 kraken zombies (Hell)
  Fannar (D:9)
  A hell beast (Depths:1)
  2 merfolk avatars
  6 rakshasas
  28 vault guards
  11 hydras
  6 death knights
  7 catoblepae
  Erica (D:9)
  12 anacondas
  7 centaur warriors
  5 alligator snapping turtles
  30 dancing weapons
  A death yak (shapeshifter) (D:15)
  13 death yaks
  A hell hog (shapeshifter) (Vaults:2)
  3 merfolk aquamancers (Shoals:3)
  13 hell hogs
  2 deep troll earth magi
  A deep troll shaman (Depths:1)
  10 vampire magi
  69 death scarabs
  18 naga sharpshooters
  5 satyrs
  2 tengu warriors (Depths:2)
  21 thrashing horrors
  A titan zombie (Tomb:2)
  A spriggan berserker (Depths:2)
  8 shock serpents
  A hell knight (Vaults:4)
  Nergalle (D:12)
  An orc high priest (Elf:1)
  13 soul eaters
  A storm dragon zombie (Hell)
  6 sun demons
  Sonja (D:11)
  32 deep elf knights
  11 shadow wraiths
  A titan skeleton (Crypt:3)
  12 sea snakes
  12 wretched stars
  An iron golem (Hell)
  An iron troll (Depths:1)
  7 salamander mystics (Snake:4)
  3 spatial maelstroms
  2 fire crabs (shapeshifter) (D:14)
  26 skeletal warriors
  2 sixfirhies (Abyss:5)
  A death drake (shapeshifter) (Vaults:3)
  11 unseen horrors
  A death drake (Abyss:5)
  10 flayed ghosts
  4 glowing orange brains
  A glowing orange brain (shapeshifter) (Abyss:5)
  13 deep trolls
  5 naga ritualists (Snake:4)
  3 wizards
  A shadow demon (Abyss:5)
  Pikel (D:8)
  16 phantasmal warriors
  A swamp dragon (Abyss:5)
  28 large abominations
  11 orc knights
  16 deep elf archers
  9 ironbrand convokers
  A shadow dragon zombie (Crypt:3)
  7 hill giants
  12 harpies
  63 deep elf magi
  8 necromancers
  A sphinx zombie (Depths:1)
  4 lindwurms (Snake:4)
  A tengu skeleton (Vaults:4)
  2 golden dragon skeletons
  A mana viper (shapeshifter) (D:14)
  An anaconda skeleton (Crypt:2)
  3 wolf spiders
  13 manticores
  10 mana vipers
  2 frost giant zombies
  A human zombie (Vaults:4)
  18 fauns
  An iron dragon zombie (Hell)
  35 ugly things
  7 shining eyes
  13 orc sorcerers
  11 salamanders
  2 fire giant zombies
  11 cyclopes
  4 worldbinders
  A stone giant skeleton (Vaults:4)
  3 frost giant skeletons
  Maurice (D:9)
  9 sirens
  24 elephants
  6 water nymphs
  13 smoke demons
  2 apocalypse crabs
  7 guardian serpents
  2 eyes of devastation
  The ghost of Morales the Chopper, a novice VSBe of Trog (D:7)
  27 naga magi
  6 rust devils
  15 vault sentinels
  35 black mambas
  5 spectral swamp worms (Depths:1)
  A titan simulacrum (Vaults:4)
  A dire elephant skeleton (Crypt:3)
  6 centaur skeletons
  A gargoyle (D:15)
  An ice statue (Hell)
  A fire giant skeleton (Crypt:2)
  A spiny frog (shapeshifter) (Abyss:5)
  2 orange demons
  Joseph (D:9)
  10 spiny frogs
  2 kobold demonologists
  3 hellions
  A torpor snail (Lair:4)
  A rime drake (Lair:6)
  A yellow draconian zombie (Crypt:2)
  9 komodo dragons
  61 yaktaurs
  A yaktaur (shapeshifter) (D:14)
  A death yak zombie (Crypt:1)
  2 efreet
  11 freezing wraiths
  11 ice devils
  52 guardian mummies
  3 hellwings
  A demonic crawler (Hell)
  21 merfolk
  9 ancient zymes
  2 tormentors
  3 harpy zombies
  4 polar bears
  8 red devils
  2 hydra skeletons
  11 trolls
  2 silent spectres
  6 hornets
  37 raiju
  8 snapping turtles
  A bog body (Crypt:1)
  A jumping spider zombie (Crypt:2)
  25 two-headed ogres
  Prince Ribbit (D:6)
  15 blink frogs
  A tarantella zombie (Crypt:1)
  2 ice dragon zombies
  2 alligator zombies
  A hippogriff (shapeshifter) (D:10)
  11 hippogriffs
  A meliai zombie (D:15)
  111 slime creatures
  4 wind drakes
  A frost giant simulacrum (Vaults:2)
  2 dream sheep (Shoals:2)
  A shock serpent simulacrum (Crypt:1)
  31 flying skulls
  An alligator skeleton (Hell)
  3 ettin skeletons
  A centaur simulacrum (D:15)
  3 fire dragon zombies
  2 ettin zombies
  A redback (shapeshifter) (D:14)
  5 shadows
  23 wraiths
  10 ynoxinuls
  4 air elementals
  2 fire dragon skeletons
  10 water elementals
  2 ice dragon skeletons
  7 neqoxecs
  6 wyverns
  11 fire elementals
  24 ushabtiu
  8 vampires
  A wyvern (shapeshifter) (Depths:1)
  31 yaks
  5 basilisks
  5 hungry ghosts
  A black mamba skeleton (Crypt:3)
  3 golden eyes
  A tyrant leech zombie (Crypt:2)
  6 vampire mosquitoes
  A steam dragon (D:12)
  3 chaos spawn
  5 mottled dragons
  An emperor scorpion simulacrum (Crypt:3)
  6 insubstantial wisps (Abyss:2)
  A harpy simulacrum (Abyss:3)
  43 nagas
  A mottled dragon (shapeshifter) (Elf:1)
  2 soldier ants
  8 hell hounds
  A torturous demonspawn zombie (Crypt:1)
  8 wargs
  7 spatial vortices
  16 water moccasins
  A water nymph zombie (Crypt:1)
  A hell hound (shapeshifter) (Vaults:2)
  4 spiny frog zombies
  Duvessa (D:7)
  9 porcupines
  A floating eye (Depths:2)
  An infernal demonspawn skeleton (Crypt:2)
  36 orc warriors
  3 black bears
  5 ice beasts
  2 spiny frog skeletons (Hell)
  3 slaves
  A torturous demonspawn skeleton (Crypt:3)
  2 ettin simulacra
  9 eyes of draining
  6 sky beasts
  3 necrophages
  A spriggan simulacrum (Depths:2)
  A lindwurm zombie (Crypt:3)
  35 ogres
  A snapping turtle zombie (Crypt:1)
  50 starcursed masses
  3 human skeletons
  12 boggarts
  2 phantoms
  A tengu (shapeshifter) (Elf:1)
  The ghost of Ge0ff the Chopper, an amateur MiNe (D:4)
  15 centaurs
  A snapping turtle skeleton (Crypt:2)
  A swamp dragon skeleton (Abyss:1)
  12 crocodiles
  7 big kobolds
  18 bullfrogs
  3 earth elementals
  A hippogriff skeleton (Crypt:2)
  17 small abominations
  8 scorpions
  Dowan (D:7)
  A warg skeleton (Crypt:3)
  10 wights
  10 killer bees
  A howler monkey (D:13)
  An electric eel (Lair:2)
  A yak skeleton (Crypt:2)
  A raiju skeleton (Crypt:2)
  5 jellies
  2 bullfrog zombies
  9 crimson imps
  3 quasits
  3 centaur zombies
  4 iron imps
  16 orc priests
  5 bullfrog skeletons
  A hound (shapeshifter) (Vaults:5)
  7 hounds
  5 iguanas
  38 orc wizards
  5 hell rats (Lair:5)
  10 worker ants
  A bullfrog simulacrum (D:13)
  A mottled dragon skeleton (Crypt:1)
  A felid skeleton (Crypt:3)
  A hound zombie (D:6)
  A demigod skeleton (Crypt:1)
  67 mummies
  2 worker ant zombies
  Robin (D:2)
  A gnoll (D:3)
  A howler monkey skeleton (D:9)
  14 adders
  A shadow imp (D:13)
  3 white imps
  5 ufetubi (Abyss:1)
  4 oozes
  An adder zombie (D:6)
  An adder skeleton (D:4)
  An iguana skeleton (Crypt:1)
  3 worms
  A dart slug (D:2)
  7 leopard geckos
  117 orcs
  2 ball pythons
  5 giant cockroaches
  10 goblins
  15 hobgoblins
  7 jackals
  19 kobolds
  3 quokkas
  A river rat zombie (Crypt:3)
  10 bats
  5 frilled lizards
  A gnoll skeleton (Crypt:3)
  A leopard gecko skeleton (D:4)
  A quokka zombie (D:6)
  8 rats
  A bush (Lair:4)
  24 fungi
  2 lurking horrors (Abyss:5)
  62 plants
  23 starspawn tentacles
  5 tentacles (Hell)
3030 creatures vanquished.

Vanquished Creatures (collateral kills)
  3 sphinxes (Tomb:1)
  A stone giant (Vaults:5)
  An ogre mage (D:15)
  A naga warrior (Snake:3)
  A death scarab (Tomb:3)
  A hell hog (Hell)
  3 death yaks
  A naga ritualist (Snake:3)
  2 slime creatures (D:15)
  A guardian mummy (Tomb:1)
  A troll (Orc:2)
  2 nagas (Snake:3)
  An orc wizard (Orc:2)
  An orc (Orc:2)
  3 kobolds (D:12)
23 creatures vanquished.

Vanquished Creatures (others)
  7 death scarabs (Tomb:2)
  A hell hog (Hell)
  A sixfirhy (Abyss:5)
  A glowing orange brain (Depths:1)
  An unseen horror (Vaults:1)
  An ugly thing (Depths:1)
  A deep elf mage (Elf:3)
  2 rust devils (Depths:2)
  A kobold demonologist (Abyss:1)
  A yaktaur (Depths:1)
  2 guardian mummies (Tomb:2)
  A large abomination (Abyss:1)
  3 flying skulls (Tomb:3)
  An ushabti (Tomb:2)
  A mottled dragon (D:14)
  A hell hound (Hell)
  An eye of draining (Abyss:5)
  An orc warrior (Vaults:5)
  A small abomination (Abyss:4)
  3 mummies (Tomb:2)
  An orc (Vaults:4)
  A kobold (D:12)
  21 fungi
  3 lurking horrors
  21 plants
  79 starspawn tentacles
  10 tentacles (Hell)
168 creatures vanquished.

Grand Total: 3221 creatures vanquished

Notes
Turn   | Place    | Note
-------+----------+-------------------------------------------
     0 | D:1      | IcyTea the Gargoyle Fighter began the quest for the Orb.
     0 | D:1      | Reached XP level 1. HP: 14/14 MP: 1/1
    44 | D:1      | Reached XP level 2. HP: 13/19 MP: 2/2
   492 | D:2      | Noticed an air elemental
   495 | D:2      | Found a stormy altar of Qazlal.
   496 | D:2      | Noticed a water elemental
   497 | D:2      | Noticed a fire elemental
   497 | D:2      | Noticed an earth elemental
   502 | D:2      | Became a worshipper of Qazlal Stormbringer
   615 | D:2      | Reached XP level 3. HP: 23/23 MP: 3/3
   690 | D:2      | Noticed Robin
   756 | D:2      | Killed Robin
   801 | D:2      | Reached XP level 4. HP: 26/28 MP: 4/4
  1035 | D:2      | Reached * piety under Qazlal
  1070 | D:2      | Found a shimmering altar of Xom.
  1288 | D:3      | Reached skill level 5 in Maces & Flails
  1290 | D:3      | Reached XP level 5. HP: 32/32 MP: 5/5
  1340 | D:3      | Found a snail-covered altar of Cheibriados.
  1418 | D:5      | Entered Level 5 of the Dungeon
  1447 | D:5      | Reached ** piety under Qazlal
  1487 | D:5      | Found Sumabol's Gadget Boutique.
  1507 | D:5      | Found a staircase to the Ecumenical Temple.
  1511 | Temple   | Entered the Ecumenical Temple
  1805 | D:3      | Found a blossoming altar of Fedhas.
  2493 | D:4      | Reached XP level 6. HP: 34/37 MP: 6/6
  2495 | D:4      | Found a bloodstained altar of Trog.
  2597 | D:4      | Noticed Ge0ff's ghost (amateur MiNe)
  2607 | D:4      | Killed Ge0ff's ghost
  2778 | D:4      | Noticed a phantom
  2795 | D:4      | Killed a phantom
  2795 | D:4      | Reached XP level 7. HP: 27/41 MP: 7/7
  3089 | D:4      | Gained mutation: You are dopey. (Int -2) [potion of mutation]
  3089 | D:4      | Gained mutation: You evolve. [potion of mutation]
  3729 | D:6      | Gained mutation: You have sharp toenails. [mutagenic meat]
  3730 | D:6      | Gained mutation: Your flesh is heat resistant. (rF+) [mutagenic meat]
  3731 | D:6      | Gained mutation: You have an increased reservoir of magic. (+10% MP) [mutagenic meat]
  3732 | D:6      | Gained mutation: Your flesh is cold resistant. (rC+) [mutagenic meat]
  3771 | D:6      | Noticed Prince Ribbit
  3788 | D:6      | Killed Prince Ribbit
  3788 | D:6      | Reached XP level 8. HP: 32/46 MP: 8/8
  3792 | D:6      | Reached skill level 1 in Invocations
  3795 | D:6      | Reached skill level 2 in Invocations
  3839 | D:6      | Found a basalt altar of Yredelemnul.
  3856 | D:6      | Reached skill level 3 in Invocations
  3879 | D:6      | Learned a level 2 spell: Blink
  3994 | D:6      | Reached skill level 4 in Invocations
  4000 | D:6      | Reached *** piety under Qazlal
  4024 | D:6      | Reached skill level 5 in Invocations
  4032 | D:6      | Found Muox's Antique Weapon Shop.
  4200 | D:6      | Gained mutation: Your spells are a little harder to cast, but a little more powerful. [evolution]
  4215 | D:6      | Reached skill level 6 in Invocations
  4363 | D:7      | Reached XP level 9. HP: 51/51 MP: 13/15
  4408 | D:7      | Reached skill level 7 in Invocations
  4442 | D:7      | Noticed Dowan
  4445 | D:7      | Noticed Duvessa
  4448 | D:7      | Killed Dowan
  4456 | D:7      | Killed Duvessa
  4520 | D:7      | Reached skill level 8 in Invocations
  4594 | D:7      | Reached skill level 9 in Invocations
  4647 | D:7      | Noticed Morales's ghost (novice VSBe)
  4663 | D:7      | Killed Morales's ghost
  4795 | D:7      | Reached skill level 10 in Invocations
  5089 | D:8      | Noticed Pikel
  5307 | D:8      | Killed Pikel
  5307 | D:8      | Reached XP level 10. HP: 61/61 MP: 19/19
  5640 | D:8      | Reached **** piety under Qazlal
  5727 | D:8      | Lost mutation: Your flesh is heat resistant. (rF+) [evolution]
  5904 | D:8      | Noticed Gastronok
  5919 | D:8      | HP: 2/63 [Gastronok/the air (31)]
  5928 | D:8      | Killed Gastronok
  5928 | D:8      | Reached skill level 10 in Maces & Flails
  6338 | D:8      | Found Qaal's Assorted Antiques.
  6375 | D:8      | Bought a scroll labeled SATYEJ XAHEKUWUH for 33 gold pieces
  6457 | D:8      | Got a twisted spear
  6646 | D:9      | Lost mutation: You are dopey. (Int -2) [potion of mutation]
  6646 | D:9      | Lost mutation: Your flesh is cold resistant. (rC+) [potion of mutation]
  6726 | D:9      | Noticed Maurice
  6746 | D:9      | Noticed Erica
  6777 | D:9      | Killed Erica
  6777 | D:9      | Reached skill level 11 in Invocations
  6777 | D:9      | Reached XP level 11. HP: 37/67 MP: 18/21
  6996 | D:9      | Noticed Joseph
  7220 | D:9      | Killed Joseph
  7235 | D:9      | Found a staircase to the Lair.
  7531 | D:9      | Found a staircase to the Orcish Mines.
  7549 | D:9      | Killed Maurice
  7564 | Orc:1    | Entered Level 1 of the Orcish Mines
  7564 | Orc:1    | Found Donudot's Gadget Boutique.
  7564 | Orc:1    | Noticed Fannar
  7650 | D:9      | Reached skill level 12 in Invocations
  7983 | D:10     | Entered Level 10 of the Dungeon
  8502 | D:10     | Lost mutation: Your spells are a little harder to cast, but a little more powerful. [evolution]
  8614 | D:10     | Noticed a hill giant
  8650 | D:10     | Killed a hill giant
  8650 | D:10     | Reached skill level 5 in Armour
  8827 | D:11     | Noticed a hill giant
  8827 | D:11     | Noticed an unseen horror
  9384 | D:11     | Killed an unseen horror
  9460 | D:11     | Found a radiant altar of Vehumet.
  9610 | D:11     | Noticed a hill giant
  9621 | D:11     | Killed a hill giant
  9621 | D:11     | Reached skill level 5 in Shields
  9936 | D:11     | Noticed Sonja
  9946 | D:11     | Noticed an unseen horror
  9951 | D:11     | Killed an unseen horror
  9951 | D:11     | Reached XP level 12. HP: 64/72 MP: 23/23
 10048 | D:11     | Killed Sonja
 10185 | D:11     | Reached skill level 1 in Spellcasting
 10500 | D:11     | Learned a level 6 spell: Iron Shot
 10733 | D:11     | Noticed a seven-headed hydra
 10742 | D:11     | Killed a seven-headed hydra
 10913 | D:12     | Noticed Nergalle
 10921 | D:12     | Killed Nergalle
 10921 | D:12     | Reached skill level 5 in Translocations
 10927 | D:12     | Reached skill level 1 in Evocations
 11386 | D:12     | Reached skill level 5 in Evocations
 11563 | D:12     | Found Ginetuebb's General Store.
 11566 | D:12     | Bought a scroll of teleportation for 36 gold pieces
 11566 | D:12     | Bought a potion of curing for 36 gold pieces
 11566 | D:12     | Bought a scroll of enchant weapon for 90 gold pieces
 11566 | D:12     | Bought a potion of heal wounds for 60 gold pieces
 11953 | D:9      | Killed Fannar
 12477 | D:9      | Reached XP level 13. HP: 61/78 MP: 24/24
 12563 | Orc:2    | Entered Level 2 of the Orcish Mines
 12883 | Orc:1    | Found a bloodstained altar of Trog.
 13059 | Lair:1   | Entered Level 1 of the Lair of Beasts
 13573 | Lair:1   | Gained mutation: You occasionally shout uncontrollably at your foes. [potion of mutation]
 14137 | Lair:2   | Reached skill level 10 in Fighting
 14165 | Lair:2   | Reached ***** piety under Qazlal
 14375 | Lair:2   | Lost mutation: You evolve. [end of evolution]
 14595 | Lair:2   | Found a staircase to the Shoals.
 16086 | Lair:4   | Found a staircase to the Snake Pit.
 17394 | Lair:4   | Reached skill level 5 in Spellcasting
 17634 | Lair:4   | Gained mutation: Your large and strong wings let you fly indefinitely. [Gargoyle growth]
 17634 | Lair:4   | Reached XP level 14. HP: 74/88 MP: 25/25
 17951 | Lair:6   | Entered Level 6 of the Lair of Beasts
 18559 | Lair:5   | Found a viscous altar of Jiyva.
 18560 | Lair:5   | Found a staircase to the Slime Pits.
 18563 | Lair:5   | Identified a scroll of acquirement
 18707 | Lair:6   | Reached skill level 13 in Invocations
 19273 | Lair:6   | Learned a level 2 spell: Shroud of Golubria
 19277 | Lair:6   | Learned a level 3 spell: Regeneration
 19282 | Lair:6   | Reached skill level 1 in Charms
 19455 | Lair:6   | Learned a level 2 spell: Swiftness
 19882 | Lair:6   | Reached skill level 1 in Necromancy
 20517 | Lair:6   | Reached skill level 5 in Charms
 20521 | Lair:6   | Reached XP level 15. HP: 42/92 MP: 22/27
 20530 | Lair:6   | Reached skill level 1 in Air Magic
 21267 | Slime:1  | Entered Level 1 of the Pits of Slime
 21267 | Slime:1  | Noticed an acid blob
 21290 | Lair:5   | Reached skill level 14 in Invocations
 21606 | Snake:1  | Entered Level 1 of the Snake Pit
 22215 | Snake:1  | Reached skill level 15 in Invocations
 23260 | D:5      | Bought a wand of teleportation (5/9) for 270 gold pieces
 23260 | D:5      | Bought a phial of floods for 400 gold pieces
 23488 | Snake:1  | Reached ****** piety under Qazlal
 23680 | Snake:2  | Noticed a nagaraja
 23681 | Snake:2  | Found a flickering gateway to a bazaar.
 23688 | Snake:2  | Killed a nagaraja
 23695 | Snake:2  | Noticed Louise
 23700 | Snake:2  | Cast into level 2 of the Abyss (Louise)
 23726 | Abyss:2  | Found a corrupted altar of Lugonu.
 23729 | Snake:2  | Escaped the Abyss
 23734 | Bazaar   | Entered a bazaar
 23734 | Bazaar   | Found Viothruf's Weapon Shoppe.
 23734 | Bazaar   | Found Kusac's Gadget Emporium.
 23734 | Bazaar   | Found Goraepro's General Store.
 23786 | Bazaar   | Bought a +1 demon whip of flaming for 374 gold pieces
 23797 | Bazaar   | Bought a lamp of fire for 320 gold pieces
 23839 | Snake:2  | Cast into level 2 of the Abyss (Louise)
 23940 | Abyss:2  | Paralysed by a great orb of eyes for 4 turns
 24010 | Abyss:2  | Noticed a tentacled starspawn
 24041 | Abyss:2  | Killed a tentacled starspawn
 24041 | Abyss:2  | Reached skill level 15 in Maces & Flails
 24064 | Abyss:2  | Noticed a tentacled starspawn
 24076 | Abyss:2  | Killed a tentacled starspawn
 24078 | Snake:2  | Escaped the Abyss
 24094 | Snake:2  | Killed Louise
 24183 | Snake:2  | Noticed a nagaraja
 24185 | Snake:2  | Paralysed by a naga mage for 2 turns
 24245 | Snake:2  | Killed a nagaraja
 24245 | Snake:2  | Reached XP level 16. HP: 61/97 MP: 29/29
 24260 | Snake:2  | Noticed Vashnia
 24560 | Snake:2  | Noticed Roxanne
 24767 | Snake:2  | Killed Roxanne
 24900 | Snake:2  | Killed Vashnia
 24907 | Snake:2  | Reached skill level 10 in Armour
 26248 | Snake:4  | Entered Level 4 of the Snake Pit
 27034 | Snake:4  | Noticed Aizul
 27038 | Snake:4  | Noticed Agnes
 27070 | Snake:4  | Killed Aizul
 27075 | Snake:4  | Killed Agnes
 27289 | Snake:4  | Noticed a nagaraja
 27316 | Snake:4  | Killed a nagaraja
 27577 | Snake:4  | Reached XP level 17. HP: 90/104 MP: 31/31
 27660 | Snake:4  | Found Ysaptego's Antique Weapon Shoppe.
 28200 | Snake:4  | Reached skill level 10 in Shields
 29126 | Snake:4  | Got a serpentine rune of Zot
 29557 | Orc:2    | Found Veit's Quality Used Wands.
 29670 | Orc:1    | Noticed Josephine
 29680 | Orc:1    | Killed Josephine
 30100 | Orc:2    | Paralysed by an orc sorcerer for 3 turns
 30105 | Orc:2    | Reached XP level 18. HP: 105/110 MP: 32/32
 30184 | Orc:2    | Found a roughly hewn altar of Beogh.
 30206 | Orc:2    | Noticed Saint Roka
 30236 | Orc:2    | Killed Saint Roka
 30237 | Orc:2    | Noticed Rupert
 30512 | Orc:2    | Killed Rupert
 30565 | Orc:2    | Found Tevavvoca's Distillery.
 30565 | Orc:2    | Found Quuham's Distillery.
 30581 | Orc:2    | Bought a potion of beneficial mutation for 490 gold pieces
 30581 | Orc:2    | Gained mutation: Your movements are slightly less encumbered by armour. (ER -2) [potion of beneficial mutation]
 30622 | Orc:2    | Found Vifuuffagu's Antique Weapon Shoppe.
 30622 | Orc:2    | Found Mem Nuve's Antique Armour Boutique.
 30940 | Orc:2    | Found a staircase to the Elven Halls.
 30961 | Elf:1    | Entered Level 1 of the Elven Halls
 31016 | Orc:2    | Learned a level 3 spell: Stone Arrow
 31021 | Orc:2    | Learned a level 4 spell: Cause Fear
 31111 | Orc:2    | Bought a faintly humming scale mail for 342 gold pieces
 31112 | Orc:2    | Identified the +2 scale mail of the Ecumenical Temple {*Slow Int+5} (You bought it in a shop on level 2 of the Orcish Mines)
 31403 | D:13     | Found Fitiupe's Food Shop.
 33164 | D:14     | Reached skill level 1 in Earth Magic
 33702 | D:14     | Reached skill level 1 in Conjurations
 33913 | D:14     | Identified Tir Umoleo's Disquisition on Hurtful Transmigration
 34626 | D:14     | Found a gate to the Vaults.
 34789 | D:15     | Entered Level 15 of the Dungeon
 34876 | D:15     | Gained mutation: You have a pair of small horns on your head. [potion of mutation]
 34876 | D:15     | Gained mutation: You are dopey. (Int -2) [potion of mutation]
 34962 | D:15     | Got a warped robe
 35644 | D:15     | Found a staircase to the Depths.
 36293 | Shoals:1 | Entered Level 1 of the Shoals
 36718 | Lair:2   | Reached skill level 1 in Throwing
 36928 | Shoals:1 | Reached XP level 19. HP: 92/116 MP: 34/34
 37600 | Shoals:2 | Noticed Polyphemus
 37620 | Shoals:1 | Reached skill level 5 in Throwing
 37960 | Shoals:2 | Killed Polyphemus
 38879 | Shoals:3 | Found Teniesme's Jewellery Shop.
 39044 | Shoals:4 | Entered Level 4 of the Shoals
 39044 | Shoals:4 | Noticed Ilsuiw
 39541 | Shoals:3 | Killed Ilsuiw
 39807 | Shoals:4 | Reached skill level 1 in Dodging
 39857 | Shoals:4 | Got a warped scimitar {slice}
 40530 | Shoals:4 | Learned a level 3 spell: Confuse
 40539 | Shoals:4 | Got a coiled bone ring
 40540 | Shoals:4 | Identified the ring "Foufyf" {+Blink rPois rC- EV+3 SInv} (You found it on level 4 of the Shoals)
 40554 | Shoals:4 | Got a barnacled rune of Zot
 40567 | Shoals:4 | Identified Usorest's Catalogue of Twisted Poisoning
 40573 | Shoals:4 | Learned a level 3 spell: Teleport Other
 41060 | Vaults:1 | Entered Level 1 of the Vaults
 41321 | Vaults:1 | Reached skill level 1 in Hexes
 41956 | Vaults:1 | Reached XP level 20. HP: 117/122 MP: 30/35
 42056 | Vaults:1 | Reached skill level 5 in Hexes
 42491 | Vaults:2 | Found a staircase to the Crypt.
 44343 | Vaults:3 | Got a shimmering flail
 44344 | Vaults:3 | Identified the +8 flail of Innocence {crush, Dex+4} (You found it on level 3 of the Vaults)
 44931 | Vaults:3 | Identified the Catalogue of the Toxic Rocks
 44984 | Vaults:3 | Found Saujett's Distillery.
 44992 | Vaults:3 | Bought a potion of heal wounds for 95 gold pieces
 44992 | Vaults:3 | Bought a potion of heal wounds for 95 gold pieces
 44992 | Vaults:3 | Bought a potion of heal wounds for 95 gold pieces
 45535 | Vaults:3 | Reached XP level 21. HP: 112/133 MP: 37/37
 45544 | Vaults:3 | Reached skill level 15 in Fighting
 48520 | Vaults:4 | Reached skill level 16 in Invocations
 48595 | Vaults:4 | Got a bloodstained flail {freeze}
 48598 | Vaults:4 | Identified the +6 flail "Cyzxorel" {freeze, *Corrode rPois rC+++ rN+} (You took it off an orc warrior on level 4 of the Vaults)
 49428 | Elf:1    | Reached skill level 17 in Invocations
 49635 | Elf:1    | Noticed Frances
 49654 | Elf:1    | Killed Frances
 50195 | Elf:2    | Found Xuasted's Antique Weapon Boutique.
 50343 | Elf:2    | Reached XP level 22. HP: 98/144 MP: 33/38
 50745 | Elf:2    | Found Zaumaj's Armour Shoppe.
 50761 | Elf:2    | Reached skill level 18 in Invocations
 50808 | Elf:2    | Bought a +2 pair of boots for 247 gold pieces
 50846 | Elf:2    | Found Igruaj's Gadget Emporium.
 50946 | Elf:2    | Found a runed gate.
 50947 | Elf:2    | Found a runed gate.
 50948 | Elf:2    | Found a runed gate.
 52000 | Elf:3    | Entered Level 3 of the Elven Halls
 52016 | Elf:3    | Gained mutation: You expend magic power (3 MP) to strengthen your wands. [potion of mutation]
 52041 | Elf:3    | Found a radiant altar of Vehumet.
 52157 | Elf:3    | Reached skill level 19 in Invocations
 52386 | Elf:3    | Found Hoceuf's Armour Emporium.
 52714 | Elf:3    | Reached skill level 20 in Invocations
 53101 | Elf:3    | Upgraded the game from 0.19.0-2-gae57169 to 0.19.0-9-gfd783f2
 53132 | Elf:3    | Gained mutation: Scrolls take you a little longer to read. [a neqoxec]
 53144 | Elf:3    | Got a polished mace {vamp}
 53147 | Elf:3    | Identified the cursed +3 mace "Igril" {vamp, +Rage Dex+2} (You took it off a deep elf demonologist on level 3 of the Elven Halls)
 53256 | Elf:3    | Got an ancient copper ring
 53262 | Elf:3    | Identified the cursed ring "Amikopp" {rPois rN++ MP-9 EV-3 Dex+7} (You took it off a deep elf death mage on level 3 of the Elven Halls)
 53298 | Elf:3    | Learned a level 3 spell: Lesser Beckoning
 53317 | Elf:3    | Got a bloodstained helmet
 53320 | Elf:3    | Identified the +2 helmet of Tulips {Regen+ Str+4} (You found it on level 3 of the Elven Halls)
 53321 | Elf:3    | Identified Fyttelut's Papyrus of Glacial Self-Knowledge
 53328 | Elf:3    | Identified a +2 rod of clouds (12/12) (You found it on level 3 of the Elven Halls)
 53480 | Orc:2    | Bought a potion of cure mutation for 400 gold pieces
 53481 | Orc:2    | Lost mutation: You have a pair of small horns on your head. [potion of cure mutation]
 53481 | Orc:2    | Lost mutation: Scrolls take you a little longer to read. [potion of cure mutation]
 53481 | Orc:2    | Lost mutation: You are dopey. (Int -2) [potion of cure mutation]
 53481 | Orc:2    | Lost mutation: You occasionally shout uncontrollably at your foes. [potion of cure mutation]
 53481 | Orc:2    | Lost mutation: You expend magic power (3 MP) to strengthen your wands. [potion of cure mutation]
 53481 | Orc:2    | Lost mutation: You have sharp toenails. [potion of cure mutation]
 54067 | Crypt:1  | Entered Level 1 of the Crypt
 54077 | Vaults:2 | Reached XP level 23. HP: 148/149 MP: 32/41
 54120 | Crypt:1  | Reached skill level 21 in Invocations
 54129 | Crypt:1  | Noticed Jorgrun
 54143 | Crypt:1  | Killed Jorgrun
 54418 | Crypt:1  | Reached skill level 10 in Spellcasting
 55585 | Crypt:3  | Entered Level 3 of the Crypt
 56212 | Crypt:3  | Reached skill level 10 in Translocations
 56682 | Crypt:3  | Found an ancient bone altar of Kikubaaqudgha.
 56688 | Crypt:3  | Found a basalt altar of Yredelemnul.
 56715 | Crypt:3  | Got a crude lead ring
 56715 | Crypt:3  | Got a slimy tin ring
 56718 | Crypt:3  | Identified the ring of Psychosis {rN+ MR+} (You found it on level 3 of the Crypt)
 56719 | Crypt:3  | Identified the ring "Watuos" {rElec rC+ rN+ Int+2} (You found it on level 3 of the Crypt)
 56772 | Crypt:3  | Identified a +7 rod of inaccuracy (14/14) (You found it on level 3 of the Crypt)
 57307 | Crypt:3  | Paralysed by a vampire knight for 6 turns
 57427 | Crypt:3  | Reached XP level 24. HP: 156/156 MP: 32/41
 57683 | Crypt:3  | Found a staircase to the Tomb.
 57780 | Tomb:1   | Entered Level 1 of the Tomb of the Ancients
 57802 | Tomb:1   | Noticed Mennas
 57829 | Tomb:1   | Killed Mennas
 57948 | Tomb:1   | Paralysed by a sphinx for 7 turns
 58175 | Tomb:1   | Reached skill level 15 in Armour
 58199 | Tomb:1   | Noticed a greater mummy
 58228 | Tomb:1   | Killed a greater mummy
 58451 | Tomb:1   | Got a smoking wooden ring
 58453 | Tomb:1   | Identified the ring "Ythileg" {Dex+4 SInv} (You found it on level 1 of the Tomb of the Ancients)
 58602 | Tomb:1   | Noticed a greater mummy
 58620 | Tomb:1   | Killed a greater mummy
 58767 | Tomb:2   | Noticed a greater mummy
 58767 | Tomb:2   | Noticed a greater mummy
 58767 | Tomb:2   | Noticed a greater mummy
 58767 | Tomb:2   | Noticed a greater mummy
 59152 | Tomb:1   | Killed a greater mummy
 59366 | Tomb:1   | Killed a greater mummy
 59715 | Tomb:1   | Killed a greater mummy
 59827 | Tomb:1   | Killed a greater mummy
 60304 | Tomb:1   | Noticed a greater mummy
 60320 | Tomb:1   | Noticed a greater mummy
 60340 | Tomb:1   | Killed a greater mummy
 60485 | Tomb:1   | Killed a greater mummy
 60575 | Tomb:1   | Noticed a greater mummy
 60600 | Tomb:1   | Killed a greater mummy
 60625 | Tomb:1   | Noticed a greater mummy
 60642 | Tomb:1   | Killed a greater mummy
 60642 | Tomb:1   | Reached XP level 25. HP: 87/168 MP: 32/41
 60662 | Tomb:1   | Noticed a greater mummy
 60674 | Tomb:1   | Noticed a greater mummy
 60679 | Tomb:1   | Noticed a greater mummy
 60685 | Tomb:1   | Killed a greater mummy
 60843 | Tomb:2   | Killed a greater mummy
 60896 | Tomb:1   | Killed a greater mummy
 60973 | Tomb:1   | Noticed a greater mummy
 60989 | Tomb:1   | Killed a greater mummy
 61039 | Tomb:1   | Noticed a greater mummy
 61053 | Tomb:1   | Noticed a greater mummy
 61053 | Tomb:1   | Killed a greater mummy
 61065 | Tomb:1   | Noticed a greater mummy
 61146 | Tomb:1   | Killed a greater mummy
 61280 | Tomb:1   | Killed a greater mummy
 61280 | Tomb:1   | Reached skill level 22 in Invocations
 61354 | Tomb:1   | Noticed a greater mummy
 61371 | Tomb:1   | Killed a greater mummy
 61494 | Tomb:1   | Noticed a greater mummy
 61524 | Tomb:1   | Killed a greater mummy
 61598 | Tomb:1   | Noticed a greater mummy
 61615 | Tomb:1   | Killed a greater mummy
 61656 | Tomb:1   | Noticed a greater mummy
 61656 | Tomb:1   | Noticed a greater mummy
 61671 | Tomb:1   | Killed a greater mummy
 61677 | Tomb:1   | Killed a greater mummy
 62043 | Tomb:3   | Entered Level 3 of the Tomb of the Ancients
 62062 | Tomb:3   | Reached skill level 23 in Invocations
 62155 | Tomb:3   | Noticed a greater mummy
 62157 | Tomb:3   | Noticed a greater mummy
 62252 | Tomb:2   | Killed a greater mummy
 62476 | Tomb:2   | Gained mutation: You tend to lose your temper in combat. [a neqoxec]
 62500 | Tomb:2   | Killed a greater mummy
 62835 | Tomb:3   | Noticed a greater mummy
 63022 | Tomb:3   | Noticed a greater mummy
 63100 | Tomb:3   | Killed a greater mummy
 63100 | Tomb:3   | Reached XP level 26. HP: 122/174 MP: 17/42
 63107 | Tomb:3   | Killed a greater mummy
 63201 | Tomb:3   | Noticed a greater mummy
 63333 | Tomb:2   | Killed a greater mummy
 63563 | Tomb:3   | Identified the Reference Book on Ensnaring Heat
 63585 | Tomb:3   | Got a faintly humming ring mail
 63586 | Tomb:3   | Identified the +3 ring mail of Cenicepn {MR+} (You found it on level 3 of the Tomb of the Ancients)
 63632 | Tomb:3   | Got a twitching glass ring
 63633 | Tomb:3   | Identified the ring "Coarphely" {rN+ EV+5} (You found it on level 3 of the Tomb of the Ancients)
 63845 | Tomb:3   | Got a diamond-encrusted ring mail
 63856 | Tomb:3   | Identified the cursed +1 ring mail "Itemuxet" {*Contam MR- Int+8} (You found it on level 3 of the Tomb of the Ancients)
 63892 | Tomb:3   | Gained mutation: You regenerate slowly when monsters are visible. [mutagenic glow]
 63981 | Tomb:3   | Noticed a greater mummy
 63999 | Tomb:3   | Killed a greater mummy
 63999 | Tomb:3   | Reached skill level 15 in Shields
 64075 | Tomb:3   | Noticed a greater mummy
 64078 | Tomb:3   | Noticed a greater mummy
 64099 | Tomb:3   | Noticed a greater mummy
 64475 | Tomb:3   | Killed a greater mummy
 64495 | Tomb:3   | Killed a greater mummy
 64701 | Tomb:3   | Killed a greater mummy
 64758 | Tomb:3   | Got a golden rune of Zot
 65048 | Tomb:2   | Lost mutation: You tend to lose your temper in combat. [potion of cure mutation]
 65048 | Tomb:2   | Lost mutation: You regenerate slowly when monsters are visible. [potion of cure mutation]
 65048 | Tomb:2   | Lost mutation: You have an increased reservoir of magic. (+10% MP) [potion of cure mutation]
 66906 | Slime:2  | Noticed Dissolution
 66920 | Slime:1  | Killed Dissolution
 67102 | Slime:2  | Gained mutation: Your magical capacity is low. (-10% MP) [a shining eye]
 67149 | Slime:1  | Gained mutation: Your body sometimes deteriorates upon taking damage. [a shining eye]
 67180 | Slime:2  | Gained mutation: Scrolls take you a little longer to read. [a shining eye]
 68340 | Slime:3  | Gained mutation: You tend to lose your temper in combat. [a shining eye]
 68397 | Slime:3  | Reached XP level 27. HP: 164/188 MP: 34/34
 68630 | Slime:5  | Entered Level 5 of the Pits of Slime
 68632 | Slime:5  | Gained mutation: You are occasionally teleported next to monsters. [a shining eye]
 68688 | Slime:5  | Gained mutation: You are dopey. (Int -2) [a shining eye]
 69095 | Slime:5  | Gained mutation: You are frail. (-10% HP) [a shining eye]
 69098 | Slime:5  | Gained mutation: Your body often deteriorates upon taking damage. [a shining eye]
 69230 | Slime:5  | Noticed the Royal Jelly
 69239 | Slime:5  | Reached skill level 24 in Invocations
 69280 | Slime:5  | Killed the Royal Jelly
 69546 | Slime:5  | Identified the Almanac of Helpful Contamination
 69620 | Slime:5  | Got a slimy rune of Zot
 70138 | D:13     | Gained mutation: You have sharp toenails. [mutagenic meat]
 70340 | Vaults:5 | Entered Level 5 of the Vaults
 70356 | Vaults:5 | Reached skill level 25 in Invocations
 71378 | Vaults:5 | Reached skill level 26 in Invocations
 71682 | Vaults:5 | Got a flickering tin ring
 71746 | Vaults:5 | Got a brightly glowing scale mail
 71749 | Vaults:5 | Identified the +6 scale mail "Ceebumon" {+Blink +Inv rF- SInv} (You found it on level 5 of the Vaults)
 71751 | Vaults:5 | Identified the ring "Esoch" {*Tele +Blink MR+ Str+2 Dex-4} (You took it off a vault sentinel on level 5 of the Vaults)
 72095 | Vaults:5 | Learned a level 1 spell: Apportation
 72414 | Vaults:5 | Got a silver rune of Zot
 72449 | Vaults:5 | Reached skill level 27 in Invocations
 73199 | Depths:1 | Entered Level 1 of the Depths
 73582 | Depths:1 | Lost mutation: You are dopey. (Int -2) [mutagenic meat]
 73585 | Depths:1 | Gained mutation: You have a pair of small horns on your head. [mutagenic meat]
 73587 | Depths:1 | Lost mutation: You are frail. (-10% HP) [mutagenic meat]
 73588 | Depths:1 | Gained mutation: You are somewhat resistant to further mutation. [mutagenic meat]
 73590 | Depths:1 | Gained mutation: You are partially covered in icy blue scales. (AC +2) [mutagenic meat]
 73935 | Depths:1 | Found a one-way gate to the infinite horrors of the Abyss.
 73995 | Depths:1 | Found a gateway to Hell.
 74244 | Hell     | Entered the Vestibule of Hell
 74244 | Hell     | Noticed Geryon
 74258 | Hell     | Killed Geryon
 75168 | Hell     | Found a gateway to the ashen valley of Gehenna.
 75257 | Hell     | Found a gateway to the Iron City of Dis.
 75368 | Hell     | Found a gateway to the freezing wastes of Cocytus.
 75521 | Hell     | Found a gateway to the decaying netherworld of Tartarus.
 75599 | Tar:1    | Entered Level 1 of Tartarus
 75599 | Tar:1    | Found a gateway to Hell.
 75637 | Coc:1    | Entered Level 1 of Cocytus
 75637 | Coc:1    | Found a gateway to Hell.
 75682 | Geh:1    | Entered Level 1 of Gehenna
 75682 | Geh:1    | Found a gateway to Hell.
 75723 | Dis:1    | Entered Level 1 of the Iron City of Dis
 75723 | Dis:1    | Found a gateway to Hell.
 75946 | Depths:1 | Found a one-way gate leading to the halls of Pandemonium.
 76071 | Depths:1 | Voluntarily entered the Abyss.
 76167 | Abyss:1  | Gained mutation: Your magical capacity is very low. (-20% MP) [a neqoxec]
 76496 | Abyss:1  | Noticed an ancient lich
 76513 | Abyss:1  | Killed an ancient lich
 76673 | Abyss:1  | Gained mutation: You are dopey. (Int -2) [a neqoxec]
 76730 | Abyss:2  | Reached skill level 5 in Necromancy
 77255 | Abyss:5  | Entered Level 5 of the Abyss
 77487 | Abyss:5  | Found a corrupted altar of Lugonu.
 77580 | Abyss:5  | Found a corrupted altar of Lugonu.
 77645 | Abyss:5  | Gained mutation: Your magical capacity is extremely low. (-30% MP) [a neqoxec]
 78010 | Abyss:5  | Paralysed by accursed screaming for 2 turns
 78011 | Abyss:5  | HP: 6/192 [large abomination (8)]
 78014 | Abyss:5  | HP: 2/192 [starcursed mass (5)]
 78029 | Abyss:5  | HP: 7/192 [rakshasa/trident (8)]
 78063 | Abyss:5  | Got an abyssal rune of Zot
 78232 | Depths:1 | Escaped the Abyss
 78852 | Depths:2 | Paralysed by a floating eye for 4 turns
 78904 | Depths:2 | HP: 9/193 [golden dragon/bolt of cold (8)]
 78911 | Depths:2 | Killed from afar by a deep elf high priest

Skill      XL: |  1  2  3  4  5  6  7  8  9 10 11 12 13 14 15 16 17 18 19 20 21 22 23 24 25 26 27 |
---------------+----------------------------------------------------------------------------------+-----
Maces & Flails | 3 4 5 6 7 9 11 12 13 15 17 18 | 18.0
Invocations    | 6 10 11 12 13 15 17 20 21 23 27 | 27.0
Fighting       | 6 7 10 11 12 14 17 20 23 25 | 25.0
Armour         | 7 11 13 15 19 | 19.0
Shields        | 6 8 13 14 16 | 16.5
Translocations | 5 7 8 12 | 12.0
Spellcasting   | 2 5 7 8 9 10 | 10.0
Evocations     | 6 8 9 |  9.8
Charms         | 5 7 |  7.4
Necromancy     | 3 4 7 |  7.3
Air Magic      | 1 |  1.0
Earth Magic    | 4 |  4.2
Conjurations   | 4 |  4.0
Throwing       | 3 6 9 |  9.1
Dodging        | 4 |  4.0
Hexes          | 3 7 |  7.0

Action                   |  1- 3 |  4- 6 |  7- 9 | 10-12 | 13-15 | 16-18 | 19-21 | 22-24 | 25-27 || total
-------------------------+-------+-------+-------+-------+-------+-------+-------+-------+-------++-------
Melee: Flail             |   125 |       |       |       |       |       |       |       |       ||   125
       Whip              |     1 |   173 |   345 |   921 |   739 |       |       |       |       ||  2179
       Kick              |       |       |     9 |       |       |       |       |       |       ||     9
       Eveningstar       |       |       |       |       |   544 |       |       |       |       ||   544
       Demon whip        |       |       |       |       |   171 |  2098 |  2361 |  2262 |  3891 || 10783
       Headbutt          |       |       |       |       |       |    76 |   654 |   117 |   552 ||  1399
Throw: Tomahawk          |       |       |     1 |       |       |       |       |       |       ||     1
       Javelin           |       |       |       |       |       |     1 |    11 |     7 |     4 ||    23
 Cast: Shroud of Golubri |       |       |       |       |     3 |     2 |       |     4 |     2 ||    11
       Regeneration      |       |       |       |       |     1 |       |     8 |    11 |    25 ||    45
       Stone Arrow       |       |       |       |       |       |     5 |       |     1 |       ||     6
       Lesser Beckoning  |       |       |       |       |       |       |       |     4 |     3 ||     7
       Blink             |       |       |       |       |       |       |       |     2 |    16 ||    18
       Confuse           |       |       |       |       |       |       |       |     1 |       ||     1
       Cause Fear        |       |       |       |       |       |       |       |       |     1 ||     1
Invok: Upheaval          |       |       |       |    10 |     2 |    25 |    33 |    43 |   115 ||   228
       Elemental Force   |       |       |       |     3 |     2 |     3 |       |     1 |     3 ||    12
       Disaster Area     |       |       |       |       |     1 |     5 |     1 |     1 |       ||     8
 Abil: Fly               |       |       |       |       |       |     1 |     1 |       |     1 ||     3
       Stop Flying       |       |       |       |       |       |       |     1 |       |     1 ||     2
Evoke: Wand              |       |       |     3 |     5 |       |     1 |       |       |    13 ||    22
       Lamp of fire      |       |       |       |       |       |     1 |       |       |       ||     1
       Phial of floods   |       |       |       |       |       |     1 |       |       |       ||     1
       Fan of gales      |       |       |       |       |       |       |       |       |     1 ||     1
       Box of beasts     |       |       |       |       |       |       |       |       |     1 ||     1
  Use: Scroll            |       |    11 |     2 |    10 |    11 |     3 |    13 |    18 |    21 ||    89
       Potion            |       |     5 |     3 |     3 |     1 |     8 |       |     3 |    35 ||    58
 Stab: Distracted        |       |       |       |       |       |     2 |       |       |     2 ||     4
       Invisible         |       |       |       |       |       |       |       |       |     1 ||     1
  Eat: Chunk             |       |     6 |    31 |    27 |    29 |    37 |    40 |    23 |    31 ||   224
       Pizza             |       |       |       |       |     2 |     4 |     1 |       |     4 ||    11
       Fruit             |       |       |       |       |       |       |       |    11 |    21 ||    32
       Royal jelly       |       |       |       |       |       |       |       |     2 |    12 ||    14
       Meat ration       |       |       |       |       |       |       |       |       |     1 ||     1
Armor: Scale mail        |    76 |    49 |   118 |    94 |       |       |       |       |       ||   337
       Mottled dragon sc |       |       |       |   118 |   491 |       |       |       |       ||   609
       Plate armour      |       |       |       |       |    11 |   357 |       |       |       ||   368
       Ring mail         |       |       |       |       |     3 |       |       |       |       ||     3
       Chain mail        |       |       |       |       |       |   151 |   464 |   615 |  1128 ||  2358
       Gold dragon scale |       |       |       |       |       |       |       |       |   739 ||   739
Dodge: Dodged            |    41 |    38 |    60 |   142 |   242 |   190 |   242 |   263 |   880 ||  2098
       Deflected         |       |       |       |     3 |    15 |    34 |    50 |    11 |    25 ||   138
Block: Shield            |    75 |    70 |   191 |   473 |   987 |  1259 |  1259 |  1565 |  3324 ||  9203
       Rpst.: Demon whip |       |       |       |       |       |    11 |    55 |    54 |   197 ||   317
